 Dungeon Crawl Stone Soup version 0.29-a0-350-g7790a0e70a (webtiles) character file.

Game seed: 14482776753065189725

1854 spaghetti the Covert (level 9, -1/73 HPs)
             Began as a Gnoll Delver on Apr 23, 2022.
             Was a Priest of Kikubaaqudgha.
             Slain by a six-headed hydra (11 damage)
             ... on level 7 of the Dungeon.
             The game lasted 00:11:36 (5595 turns).

spaghetti the Covert (Gnoll Delver)                 Turns: 5595, Time: 00:11:37

Health: -1/73      AC:  5    Str: 11    XL:     9   Next: 12%
Magic:  8/14       EV: 17    Int: 14    God:    Kikubaaqudgha [***...]
Gold:   123        SH:  0    Dex: 26    Spells: 0/15 levels left

rFire   . . .      SeeInvis .   j - +3 rapier (drain) {short}
rCold   . . .      Faith    .   (no shield)
rNeg    . . .      Spirit   .   b - +0 leather armour
rPois   .          Reflect  .   f - +0 helmet
rElec   .          Harm     .   (no cloak)
rCorr   .          Rampage  .   D - +0 pair of gloves
Will    .....                   (no boots)
Stlth   +++++.....              p - amulet of regeneration {@e2}
HPRegen 1.02/turn               n - +6 ring of dexterity
MPRegen 0.14/turn               E - +6 ring of dexterity

@: sluggish, very slow
A: fangs 1, strong nose, distributed training
a: Renounce Religion, Receive Corpses


You were on level 7 of the Dungeon.
You worshipped Kikubaaqudgha.
Kikubaaqudgha was most pleased with you.
You visited 2 branches of the dungeon, and saw 8 of its levels.

You collected 249 gold pieces.
You spent 126 gold pieces at shops.


Innate Abilities, Weirdness & Mutations

You have very sharp teeth.
Your uncanny sense of smell can sniff out nearby items.
Your experience applies equally to all skills.


   Skills:
 + Level 7.7 Fighting
 + Level 6.1 Short Blades
 + Level 3.9 Long Blades
 + Level 3.9 Axes
 + Level 3.9 Maces & Flails
 + Level 3.9 Polearms
 + Level 3.9 Staves
 + Level 3.9 Slings
 + Level 3.9 Bows
 + Level 3.9 Crossbows
 + Level 3.9 Throwing
 + Level 3.9 Armour
 + Level 6.1 Dodging
 + Level 10.4 Stealth
 + Level 3.9 Shields
 + Level 3.9 Unarmed Combat
 + Level 3.9 Spellcasting
 + Level 3.2 Conjurations
 + Level 3.2 Hexes
 + Level 3.2 Summonings
 + Level 3.2 Necromancy
 + Level 3.2 Translocations
 + Level 3.2 Transmutations
 + Level 3.2 Fire Magic
 + Level 3.2 Ice Magic
 + Level 3.2 Air Magic
 + Level 3.2 Earth Magic
 + Level 3.2 Poison Magic
 + Level 4.3 Invocations
 + Level 3.9 Evocations


You couldn't memorise any spells.
You knew the following spells:

 Your Spells              Type           Power      Damage    Failure   Level
a - Call Canine Familiar  Summ           11%        N/A       21%         3
b - Inner Flame           Hex/Fire       11%        N/A       21%         3
c - Animate Dead          Necr           5%         N/A       54%         4
d - Sublimation of Blood  Necr           11%        N/A       10%         2
e - Swiftness             Air            11%        N/A       21%         3

Your spell library contained the following spells:

 Spells                   Type           Power      Damage    Failure   Level
 Animate Skeleton         Necr           22%        N/A       7%          1
 Foxfire                  Conj/Fire      44%        2x1d6     7%          1
 Sting                    Tmut/Pois      44%        1d5       7%          1
 Corpse Rot               Necr/Air       22%        N/A       10%         2
 Ensorcelled Hibernation  Hex/Ice        22%        N/A       10%         2
 Passwall                 Tmut/Erth      9%         N/A       10%         2
 Poisonous Vapours        Pois/Air       22%        N/A       10%         2
 Conjure Flame            Conj/Fire      11%        6-21      21%         3
 Portal Projectile        Hex/Tloc       22%        N/A       21%         3
 Vampiric Draining        Necr           11%        2d6       21%         3
 Cause Fear               Hex            5%         N/A       54%         4
 Dispel Undead            Necr           11%        3d9       54%         4
 Flame Wave               Conj/Fire      11%        2d5       54%         4
 Leda's Liquefaction      Hex/Erth       5%         N/A       54%         4
 Olgreb's Toxic Radiance  Pois           11%        N/A       54%         4
 Borgnjor's Vile Clutch   Necr/Erth      5%         N/A       88%         5
 Excruciating Wounds      Necr           5%         N/A       88%         5
 Simulacrum               Ice/Necr       5%         N/A       100%        6
 Dragon Form              Tmut           5%         N/A       100%        7
 Dragon's Call            Summ           5%         N/A       100%        9

Inventory:

Hand Weapons
 a - a +0 short sword {short}
 j - a +3 rapier of draining (weapon) {short}
   (You found it on level 4 of the Dungeon)
Missiles
 k - 11 poisoned darts (quivered) {throwing}
 m - 254 stones {throwing}
 t - 5 curare-tipped darts {=fthrowing}
Armour
 b - a +0 leather armour (worn)
 f - a +0 helmet (worn)
   (You took it off Robin on level 3 of the Dungeon)
 D - a +0 pair of gloves (worn)
   (You found it on level 5 of the Dungeon)
Jewellery
 n - a +6 ring of dexterity (left hand)
   (You found it on level 2 of the Dungeon)
 p - an amulet of regeneration (around neck) {@e2}
   (You found it on level 1 of the Dungeon)
 E - a +6 ring of dexterity (right hand)
   (You found it on level 5 of the Dungeon)
 H - an amulet of the acrobat
   (You found it on level 6 of the Dungeon)
Wands
 e - a wand of flame (34)
   (You took it off Robin on level 3 of the Dungeon)
 g - a wand of digging (3)
 y - a wand of iceblast (7)
   (You found it on level 4 of the Dungeon)
 B - a wand of charming (4)
   (You took it off a goblin on level 4 of the Dungeon)
Scrolls
 c - 2 scrolls of fog
 d - a scroll of magic mapping {!r}
 h - 2 scrolls of noise {unknown}
 o - a scroll of summoning {unknown}
 q - 5 scrolls of identify {unknown}
 s - 4 scrolls of enchant weapon {unknown}
 v - a scroll of blinking {unknown}
 w - 3 scrolls of enchant armour
 A - 2 scrolls of teleportation {@r4}
 F - a scroll of silence {unknown}
 G - a scroll of vulnerability {unknown}
Potions
 i - a potion of flight {unknown}
 l - 3 potions of haste {@q3}
 r - a potion of berserk rage {unknown}
 u - a potion of might {unknown}
 x - a potion of attraction {unknown}
 z - 2 potions of curing {unknown}
 C - a potion of heal wounds {@q2}

Dungeon Overview and Level Annotations

Branches:
Dungeon (7/15)             Temple (1/1) D:4

Altars:
Dithmenos
Elyvilon
Fedhas
Kikubaaqudgha
Makhleb
Nemelex Xobeh
Ru
Trog
Vehumet
Zin
The Shining One

Shops:
D:4 * D:5

= #..............#
...............#
.##.?..........#
.###...##......#######
.# #..####............
#... #............
#... #...#h.##### ...
#...###D.# #..## ##@#
....# ##.# ...?. ..#
..#.. #..# .. #..#
.... .... !...


You could see a six-headed hydra (drained, ally target) and a friendly hound
(summoned).


Message History

The six-headed hydra bites you! The six-headed hydra bites you.
The six-headed hydra misses you. 😮 HP[-24]
You take 24 damage, and now have 49/73 hp.
MASSIVE DAMAGE!! (PAUSE)
You hit the six-headed hydra. You drain the six-headed hydra.
The six-headed hydra misses you. The six-headed hydra bites you!
The six-headed hydra bites you.
The six-headed hydra bites you but does no damage.
The six-headed hydra bites you.
* * * LOW HITPOINT WARNING * * *
The six-headed hydra bites you but does no damage. 😨 HP[-16]
You take 16 damage, and now have 33/73 hp.
MASSIVE DAMAGE!! (PAUSE)
Okay, then.
Cast which spell? (? or * to list)
You feel quick. The six-headed hydra bites you.
* * * LOW HITPOINT WARNING * * *
The six-headed hydra bites you!
* * * LOW HITPOINT WARNING * * *
The six-headed hydra misses you.
The six-headed hydra bites you but does no damage.
The six-headed hydra barely misses you. The six-headed hydra bites you!
* * * LOW HITPOINT WARNING * * *
😱 HP[-15] MP[-3]
You take 15 damage, and now have 18/73 hp.
MASSIVE DAMAGE!! (PAUSE)
You lost 3 mp, and now have 11/14 mp.
Unknown command. 😨 HP[+1] 😨 HP[+1] 😨 HP[+1] 😨 HP[+1] 😨 HP[+1] 😨 HP[+1]
Casting: Swiftness (dangerous; 21% risk of failure)
Confirm with . or Enter, or press ? or * to list all spells.
😨 HP[+1] MP[-2]
You lost 2 mp, and now have 9/14 mp.
Casting: Call Canine Familiar (dangerous; 21% risk of failure)
Confirm with . or Enter, or press ? or * to list all spells.
Aiming: Inner Flame (dangerous; 21% risk of failure)
Press: ? - help, Dir - move target, f - six-headed hydra
Aim: a six-headed hydra (lightly wounded, lightly drained, ally target, chance to affect: 36%)
The six-headed hydra easily resists. 😨 HP[+1] MP[-3]
You lost 3 mp, and now have 6/14 mp.
Unknown command.
You swap places.
Your hound bites the six-headed hydra. 😨 HP[+1]
Your hound bites the six-headed hydra.
You start to feel a little slower. 😨 HP[+1]
Your hound bites the six-headed hydra. 😨 HP[+1] 😨 HP[+1]
Your hound bites the six-headed hydra. 😨 HP[+1] 😨 HP[+1] MP[+1] 😨 HP[+1]
Your hound bites the six-headed hydra.
You feel sluggish.
Your hound bites the six-headed hydra. 😨 HP[+1]
Aiming: Iceblast
Press: ? - help, Shift-Dir - straight line, p - six-headed hydra The mass of ice explodes!
The iceblast engulfs the six-headed hydra!! 😨 HP[+1]
Aiming: Iceblast
Press: ? - help, Shift-Dir - straight line The mass of ice explodes!
The iceblast engulfs the six-headed hydra!!
Your hound bites the six-headed hydra. 😨 HP[+1]
Okay, then. 😮 HP[+1]
You hit the six-headed hydra but do no damage.
You drain the six-headed hydra.
Your hound barely misses the six-headed hydra.
The six-headed hydra bites you!
* * * LOW HITPOINT WARNING * * *
The six-headed hydra misses you.
The six-headed hydra completely misses you.
The six-headed hydra bites you!
* * * LOW HITPOINT WARNING * * *
The six-headed hydra bites you.
* * * LOW HITPOINT WARNING * * *
The six-headed hydra barely misses you.
Your hound bites the six-headed hydra. 😨 HP[-18]
You take 18 damage, and now have 19/73 hp.
MASSIVE DAMAGE!! (PAUSE) Unknown command.
You hit the six-headed hydra. The six-headed hydra bites you!
* * * LOW HITPOINT WARNING * * *
The six-headed hydra closely misses you.
The six-headed hydra barely misses you. The six-headed hydra bites you!
You die...
Kikubaaqudgha rasps: "You have failed me!
Welcome... death!"

Skill      XL: |  1  2  3  4  5  6  7  8 |
---------------+-------------------------+-----
Stealth        | 10 | 10.4
Long Blades    | 1 2 3 |  3.9
Axes           | 1 2 3 |  3.9
Maces & Flails | 1 2 3 |  3.9
Polearms       | 1 2 3 |  3.9
Staves         | 1 2 3 |  3.9
Slings         | 1 2 3 |  3.9
Bows           | 1 2 3 |  3.9
Crossbows      | 1 2 3 |  3.9
Throwing       | 1 2 3 |  3.9
Armour         | 1 2 3 |  3.9
Shields        | 1 2 3 |  3.9
Unarmed Combat | 1 2 3 |  3.9
Spellcasting   | 1 2 3 |  3.9
Conjurations   | 1 2 3 |  3.2
Hexes          | 1 2 3 |  3.2
Summonings     | 1 2 3 |  3.2
Necromancy     | 1 2 3 |  3.2
Translocations | 1 2 3 |  3.2
Transmutations | 1 2 3 |  3.2
Fire Magic     | 1 2 3 |  3.2
Ice Magic      | 1 2 3 |  3.2
Air Magic      | 1 2 3 |  3.2
Earth Magic    | 1 2 3 |  3.2
Poison Magic   | 1 2 3 |  3.2
Invocations    | 1 2 3 4 |  4.3
Evocations     | 1 2 3 |  3.9
Short Blades   | 5 6 |  6.1
Dodging        | 5 6 |  6.1
Fighting       | 7 |  7.7

Action                   |  1- 3 |  4- 6 |  7- 9 || total
-------------------------+-------+-------+-------++-------
Melee: Short sword       |     2 |    20 |       ||    22
       Bite              |       |    13 |    22 ||    35
       Rapier            |       |   106 |   175 ||   281
       Punch             |       |     3 |     6 ||     9
Throw: Dart              |       |       |     1 ||     1
 Cast: Swiftness         |       |       |     1 ||     1
       Call Canine Famil |       |       |     1 ||     1
       Inner Flame       |       |       |     1 ||     1
Evoke: Wand              |       |       |     4 ||     4
  Use: Scroll            |       |     1 |       ||     1
       Potion            |       |     1 |       ||     1
 Stab: Sleeping          |     2 |    24 |    12 ||    38
Armor: Leather armour    |       |    24 |    39 ||    63
Dodge: Dodged            |       |    85 |   143 ||   228

Levels and vault maps discovered:
D:1:      evilmike_arrival_hilbert_curve, layout_loops_ring,
          hellmonk_ecumenical_altar_pennies_from_heaven
D:2:      layout_loops_corners, uniq_jessica, uniq_terence
D:3:      layout_loops_ring, uniq_robin
D:4:      layout_loops_cross, nicolae_overflow_crystal_walls,
          minmay_temple_entry_ruins, serial_shops, nicolae_shop_waterfront
D:5:      layout_basic, gup_sewer_entry_spiral, serial_shops,
          nicolae_shop_temple_entry_statues_fountains, fountainhead
D:6:      layout_loops_ring
D:7:      layout_layer_cave, mainiacjoe_overflow_cross_hatched
Temple:   compressed_dpeg_circular_temple

Notes
Turn   | Place    | Note
-------+----------+-------------------------------------------
     0 | D:5      | Reached skill level 9 in Stealth
     0 | D:5      | spaghetti the Gnoll Delver began the quest for the Orb.
     0 | D:5      | Reached XP level 1. HP: 23/23 MP: 1/1
     0 | D:5      | magus.rc [v1.9.6]
    13 | D:5      | You pick up a book of Vapours and begin reading...
    13 | D:5      | You add the spells Poisonous Vapours and Corpse Rot to your
                  | library.
    25 | D:6      | Noticed an orc wizard
    27 | D:6      | Noticed an orc wizard
    29 | D:6      | Noticed a water moccasin
    30 | D:6      | Killed an orc wizard
    31 | D:6      | Reached XP level 2. HP: 29/29 MP: 2/2
    31 | D:6      | Reached XP level 3. HP: 35/35 MP: 3/3
    61 | D:5      | Noticed an ogre
   102 | D:4      | Noticed an ogre
   104 | D:4      | Killed an ogre
   105 | D:4      | Reached skill level 1 in Long Blades
   105 | D:4      | Reached skill level 1 in Axes
   105 | D:4      | Reached skill level 1 in Maces & Flails
   105 | D:4      | Reached skill level 1 in Polearms
   105 | D:4      | Reached skill level 1 in Staves
   105 | D:4      | Reached skill level 1 in Slings
   105 | D:4      | Reached skill level 1 in Bows
   105 | D:4      | Reached skill level 1 in Crossbows
   105 | D:4      | Reached skill level 1 in Throwing
   105 | D:4      | Reached skill level 1 in Armour
   105 | D:4      | Reached skill level 1 in Shields
   105 | D:4      | Reached skill level 1 in Unarmed Combat
   105 | D:4      | Reached skill level 1 in Spellcasting
   105 | D:4      | Reached skill level 1 in Conjurations
   105 | D:4      | Reached skill level 1 in Hexes
   105 | D:4      | Reached skill level 1 in Summonings
   105 | D:4      | Reached skill level 1 in Necromancy
   105 | D:4      | Reached skill level 1 in Translocations
   105 | D:4      | Reached skill level 1 in Transmutations
   105 | D:4      | Reached skill level 1 in Fire Magic
   105 | D:4      | Reached skill level 1 in Ice Magic
   105 | D:4      | Reached skill level 1 in Air Magic
   105 | D:4      | Reached skill level 1 in Earth Magic
   105 | D:4      | Reached skill level 1 in Poison Magic
   105 | D:4      | Reached skill level 1 in Invocations
   105 | D:4      | Reached skill level 1 in Evocations
   105 | D:4      | Reached XP level 4. HP: 41/41 MP: 3/5
   167 | D:4      | Found a staircase to the Ecumenical Temple.
   177 | D:4      | You pick up a book of the Hunter and begin reading...
   177 | D:4      | You add the spells Call Canine Familiar, Portal Projectile
                  | and Leda's Liquefaction to your library.
   184 | Temple   | Entered the Ecumenical Temple
   369 | Temple   | Became a worshipper of Kikubaaqudgha
   433 | D:4      | Reached XP level 5. HP: 42/47 MP: 6/6
   644 | D:3      | Noticed Robin
  1175 | D:3      | Killed Robin
  1709 | D:2      | Reached * piety under Kikubaaqudgha
  1709 | D:2      | You add the spells Animate Skeleton, Sublimation of Blood
                  | and Vampiric Draining to your library.
  1709 | D:2      | Received a gift from Kikubaaqudgha
  1890 | D:1      | You add the spells Sting and Olgreb's Toxic Radiance to
                  | your library.
  1924 | D:1      | Found a faded altar of an unknown god.
  1951 | D:1      | Reached XP level 6. HP: 53/53 MP: 8/8
  2237 | D:1      | You pick up a book of Flames and begin reading...
  2237 | D:1      | You add the spells Foxfire, Conjure Flame, Inner Flame and
                  | Flame Wave to your library.
  2273 | D:1      | You fall into a shaft and drop 1 floor!
  2324 | D:2      | Reached skill level 2 in Invocations
  2434 | D:2      | Noticed Terence
  2437 | D:2      | Killed Terence
  2438 | D:2      | Reached skill level 5 in Short Blades
  2438 | D:2      | Reached skill level 5 in Dodging
  2516 | D:2      | Reached skill level 2 in Long Blades
  2516 | D:2      | Reached skill level 2 in Axes
  2516 | D:2      | Reached skill level 2 in Maces & Flails
  2516 | D:2      | Reached skill level 2 in Polearms
  2516 | D:2      | Reached skill level 2 in Staves
  2516 | D:2      | Reached skill level 2 in Slings
  2516 | D:2      | Reached skill level 2 in Bows
  2516 | D:2      | Reached skill level 2 in Crossbows
  2516 | D:2      | Reached skill level 2 in Throwing
  2516 | D:2      | Reached skill level 2 in Armour
  2516 | D:2      | Reached skill level 2 in Shields
  2516 | D:2      | Reached skill level 2 in Unarmed Combat
  2516 | D:2      | Reached skill level 2 in Spellcasting
  2516 | D:2      | Reached skill level 2 in Evocations
  2638 | D:2      | Noticed Jessica
  2643 | D:2      | Killed Jessica
  3527 | D:4      | Found a burning altar of Makhleb.
  3547 | D:4      | Reached XP level 7. HP: 54/59 MP: 10/10
  3708 | D:4      | Reached skill level 7 in Fighting
  3758 | D:4      | Found Ilalian's General Store.
  3774 | D:4      | Reached skill level 2 in Conjurations
  3774 | D:4      | Reached skill level 2 in Hexes
  3774 | D:4      | Reached skill level 2 in Summonings
  3774 | D:4      | Reached skill level 2 in Necromancy
  3774 | D:4      | Reached skill level 2 in Translocations
  3774 | D:4      | Reached skill level 2 in Transmutations
  3774 | D:4      | Reached skill level 2 in Fire Magic
  3774 | D:4      | Reached skill level 2 in Ice Magic
  3774 | D:4      | Reached skill level 2 in Air Magic
  3774 | D:4      | Reached skill level 2 in Earth Magic
  3774 | D:4      | Reached skill level 2 in Poison Magic
  3775 | D:4      | Bought a scroll of enchant armour for 90 gold pieces
  3775 | D:4      | Bought a scroll of teleportation for 36 gold pieces
  4099 | D:5      | Reached ** piety under Kikubaaqudgha
  4109 | D:5      | Learned a level 3 spell: Call Canine Familiar
  4113 | D:5      | Learned a level 3 spell: Inner Flame
  4173 | D:5      | Reached skill level 10 in Stealth
  4173 | D:5      | Reached skill level 3 in Invocations
  4223 | D:5      | Reached XP level 8. HP: 67/67 MP: 12/12
  4304 | D:5      | You pick up a book of Burglary and begin reading...
  4304 | D:5      | You add the spells Passwall, Ensorcelled Hibernation and
                  | Swiftness to your library.
  4384 | D:5      | Found Seson's Jewellery Shop.
  4441 | D:5      | Reached skill level 3 in Long Blades
  4441 | D:5      | Reached skill level 3 in Axes
  4441 | D:5      | Reached skill level 3 in Maces & Flails
  4441 | D:5      | Reached skill level 3 in Polearms
  4441 | D:5      | Reached skill level 3 in Staves
  4441 | D:5      | Reached skill level 3 in Slings
  4441 | D:5      | Reached skill level 3 in Bows
  4441 | D:5      | Reached skill level 3 in Crossbows
  4441 | D:5      | Reached skill level 3 in Throwing
  4441 | D:5      | Reached skill level 3 in Armour
  4441 | D:5      | Reached skill level 3 in Shields
  4441 | D:5      | Reached skill level 3 in Unarmed Combat
  4441 | D:5      | Reached skill level 3 in Spellcasting
  4441 | D:5      | Reached skill level 3 in Evocations
  4509 | D:5      | You pick up a book of the Dragon and begin reading...
  4509 | D:5      | You add the spells Cause Fear, Dragon Form and Dragon's
                  | Call to your library.
  5123 | D:6      | Reached skill level 3 in Conjurations
  5123 | D:6      | Reached skill level 3 in Hexes
  5123 | D:6      | Reached skill level 3 in Summonings
  5123 | D:6      | Reached skill level 3 in Necromancy
  5123 | D:6      | Reached skill level 3 in Translocations
  5123 | D:6      | Reached skill level 3 in Transmutations
  5123 | D:6      | Reached skill level 3 in Fire Magic
  5123 | D:6      | Reached skill level 3 in Ice Magic
  5123 | D:6      | Reached skill level 3 in Air Magic
  5123 | D:6      | Reached skill level 3 in Earth Magic
  5123 | D:6      | Reached skill level 3 in Poison Magic
  5123 | D:6      | Reached skill level 4 in Invocations
  5172 | D:6      | Reached skill level 6 in Short Blades
  5172 | D:6      | Reached skill level 6 in Dodging
  5172 | D:6      | Reached XP level 9. HP: 69/72 MP: 14/14
  5311 | D:6      | Reached *** piety under Kikubaaqudgha
  5311 | D:6      | You add the spells Animate Dead, Dispel Undead, Borgnjor's
                  | Vile Clutch, Excruciating Wounds and Simulacrum to your
                  | library.
  5311 | D:6      | Received a gift from Kikubaaqudgha
  5324 | D:6      | Learned a level 4 spell: Animate Dead
  5327 | D:6      | Learned a level 2 spell: Sublimation of Blood
  5331 | D:6      | Learned a level 3 spell: Swiftness
  5562 | D:7      | Noticed a six-headed hydra
  5570 | D:7      | HP: 18/73 [six-headed hydra (8)]
  5595 | D:7      | HP: 10/73 [six-headed hydra (10)]
  5595 | D:7      | Slain by a six-headed hydra

Vanquished Creatures
  A water moccasin (D:5)
  An ice beast (D:5)
  5 ogres
  2 centaurs (D:6)
  A phantom (D:5)
  A kobold brigand (D:5)
  5 scorpions
  A howler monkey (D:6)
  A jelly (D:4)
  2 orc priests (D:6)
  3 hounds
  3 iguanas
  Terence (D:2)
  Jessica (D:2)
  2 orc wizards
  Robin (D:3)
  8 gnolls
  A river rat (D:5)
  3 adders
  A white imp (D:5)
  3 worms
  3 dart slugs
  14 orcs
  5 ball pythons
  An endoplasm (D:2)
  3 giant cockroaches
  13 goblins
  6 hobgoblins
  7 jackals
  10 kobolds
  6 quokkas
  2 bats (D:3)
  4 frilled lizards
  2 rats
123 creatures vanquished.

Table legend:
 A = Non-vault XP
 B = Vault XP
 C = Vault XP percentage of total XP
 D = Non-vault monster count
 E = Vault monster count
 F = Vault count percentage of total count
                 A         B        C        D         E       F
            +---------+---------+-------+---------+---------+-------
      Total |    2513 |     136 |   5.1 |     104 |      19 |  15.4
            +---------+---------+-------+---------+---------+-------
        D:1 |      25 |       0 |   0.0 |      14 |       0 |   0.0
        D:2 |      84 |      75 |  47.2 |      13 |       2 |  13.3
        D:3 |     161 |      23 |  12.5 |      17 |       5 |  22.7
        D:4 |     377 |      12 |   3.1 |      19 |       6 |  24.0
        D:5 |    1112 |      26 |   2.3 |      22 |       6 |  21.4
        D:6 |     627 |       0 |   0.0 |      18 |       0 |   0.0
        D:7 |     127 |       0 |   0.0 |       1 |       0 |   0.0
            +---------+---------+-------+---------+---------+-------

Illustrated notes

Table legend:
 A = Kills in this place as a percentage of kills in entire the game.
 B = Kills by you in this place as a percentage of kills by you in the entire game.
 C = Kills by friends in this place as a percentage of kills by friends in the entire game.
 D = Other kills in this place as a percentage of other kills in the entire game.
 E = Experience gained in this place as a percentage of experience gained in the entire game.
 F = Experience gained in this place divided by the number of levels of this place that you have seen.
                   A       B       C       D       E      F
               +-------+-------+-------+-------+-------+----------------------
         Total | 100.0 | 100.0 |   N/A |   N/A | 100.0 | 331.1
       Dungeon | 100.0 | 100.0 |   N/A |   N/A | 100.0 | 378.4
               +-------+-------+-------+-------+-------+----------------------

Table legend: (Time is in decaauts)
 A = Elapsed time spent in this place.
 B = Non-inter-level travel time spent in this place.
 C = Inter-level travel time spent in this place.
 D = Time resting spent in this place.
 E = Time spent auto-exploring this place.
 F = Levels seen in this place.
 G = Mean time per level.
                   A        B        C        D        E       F      G
               +--------+--------+--------+--------+--------+-----+--------+
         Total |   5605 |   5322 |    283 |    860 |   3335 |   8 |  700.6 |
       Dungeon |   5402 |   5136 |    266 |    860 |   3268 |   7 |  771.7 |
        Temple |    202 |    185 |     17 |      0 |     67 |   1 |  202.0 |
               +--------+--------+--------+--------+--------+-----+--------+

Top non-repeatable levels by time:
     D:4: 1310 daAuts
     D:5: 1084 daAuts
     D:3: 852 daAuts
     D:1: 820 daAuts
     D:2: 726 daAuts
     D:6: 561 daAuts
  Temple: 202 daAuts
     D:7: 46 daAuts
